 Dungeon Crawl Stone Soup version 0.30.1-4-g462c640d31 (webtiles) character file.

Game seed: 10730590641223158687

1360 WileyBeast the Spear-Bearer (level 8, -20/53 HPs)
             Began as a Minotaur Gladiator on Aug 19, 2023.
             Killed from afar by a wretched star (26 damage)
             ... with a lance of force
             ... on level 1 of the Abyss.
             The game lasted 00:32:50 (4685 turns).

WileyBeast the Spear-Bearer (Minotaur Gladiator)    Turns: 4685, Time: 00:32:51

Health: -20/53     AC:  4    Str: 16    XL:     8   Next: 37%
Magic:  4/4        EV: 11    Int:  6    God:
Gold:   227        SH:  7    Dex:  9    Spells: 7/7 levels left

rFire   x . .        C - +2 spear (freeze)
rCold   x x x        t - +0 kite shield
rNeg    . . .        A - +2 leather armour "Avutafuwn" {rPois rCorr Int+5}
rPois   +            c - +0 hat
rElec   .            (no cloak)
rCorr   +            (no gloves)
SInv    .            (no boots)
Will    .....        j - amulet of regeneration
Stlth   +            f - ring of protection from fire
HPRegen 1.08/turn    (no ring)
MPRegen 0.09/turn

%: random rage (9%)
@: on berserk cooldown, slowed, very slow
A: horns 2, retaliatory headbutt, [berserk 2], [clumsy 2], [deformed body],
[deterioration 2], [dopey 2], [frail 2], [low MP 3], [screaming 2], [weak 2],
[no potion heal 2], [cold vulnerability 3], [heat vulnerability 2]
a: no special abilities


You were on level 1 of the Abyss.
You visited 1 branch of the dungeon, and saw 7 of its levels.
You visited the Abyss 1 time.
You also visited: Sewer.

You collected 227 gold pieces.

Inventory:

Hand Weapons
 a - a +1 trident
 C - a +2 spear of freezing (weapon)
Missiles
 e - a javelin
Armour
 b - a +0 leather armour
 c - a +0 hat (worn)
 g - a +0 ring mail
 m - a +0 pair of boots
 t - a +0 kite shield (worn)
 y - a +0 cloak
 A - the +2 leather armour "Avutafuwn" (worn) {rPois rCorr Int+5}
   (You found it on level 5 of the Dungeon)

   Int:       It affects your intelligence (+5).
   rPois:     It protects you from poison.
   rCorr:     It protects you from acid and corrosion.
Jewellery
 f - a ring of protection from fire (left hand)
 j - an amulet of regeneration (around neck)
 q - the ring of Veed {*Corrode rPois Will+ MP+9 Dex+8}
   (You found it on level 4 of the Dungeon)

   [ring of poison resistance]

   Dex:       It affects your dexterity (+8).
   rPois:     It protects you from poison.
   MP:        It affects your magic capacity (+9).
   *Corrode:  It may corrode you when you take damage.
   Will:      It increases your willpower.
 E - a +6 ring of intelligence
Wands
 k - a wand of flame (8)
Scrolls
 d - 5 scrolls of blinking
 h - 2 scrolls of torment
 i - a scroll of fear {unknown}
 l - 2 scrolls of poison
 n - 2 scrolls of noise (quivered)
 p - a scroll of fog {unknown}
 v - 3 scrolls of teleportation
 z - a scroll of identify
 D - a scroll of vulnerability {unknown}
 F - a scroll of silence {unknown}
Potions
 o - a potion of might
 r - a potion of curing
 s - a potion of lignification {unknown}
 u - a potion of haste {unknown}
 w - 2 potions of brilliance
 x - 4 potions of heal wounds
 B - 2 potions of mutation {unknown}


   Skills:
 + Level 4.6 Fighting
 + Level 8.1 Polearms
 + Level 2.3 Throwing
 + Level 5.5 Armour
 + Level 5.6 Dodging
 + Level 1.2 Stealth
 + Level 3.0 Shields
 + Level 1.1 Evocations


You had 7 spell levels left.
You didn't know any spells.
Your spell library contained the following spells:

 Spells                   Type           Power      Damage    Failure   Level
 Magic Dart               Conj           0%         1d3       87%         1
 Ensorcelled Hibernation  Hex/Ice        0%         N/A       95%         2
 Scorch                   Fire           0%         2d5       95%         2
 Searing Ray              Conj           0%         2d4       95%         2
 Ozocubu's Armour         Ice            0%         N/A       99%         3
 Spider Form              Tmut/Pois      0%         N/A       99%         3
 Anguish                  Hex/Necr       0%         N/A       100%        4
 Flame Wave               Conj/Fire      0%         2d4       100%        4
 Fulminant Prism          Conj/Hex       0%         3d5       100%        4
 Metabolic Englaciation   Hex/Ice        0%         N/A       100%        5
 Summon Forest            Summ/Tloc      0%         N/A       100%        5
 Summon Mana Viper        Hex/Summ       0%         N/A       100%        5
 Simulacrum               Ice/Necr       0%         N/A       100%        6
 Summon Cactus Giant      Summ           0%         N/A       100%        6


Dungeon Overview and Level Annotations

Branches:
Dungeon (7/15)              Sewer (visited)
 Temple: D:4-7

Altars:
Hepliaklqana
Xom


Innate Abilities, Weirdness & Mutations

You have a pair of horns on your head.
You reflexively headbutt those who attack you in melee.
[You have an uncontrollable temper.]
[You are very clumsy. (Dex -4)]
[Armour fits poorly on your strangely shaped body.]
[Your body often deteriorates upon taking damage.]
[You are very dopey. (Int -4)]
[You are very frail. (-20% HP)]
[Your magical capacity is extremely low. (-30% MP)]
[You frequently scream uncontrollably at your foes.]
[You are very weak. (Str -4)]
[Potions cannot restore your health.]
[You are extremely vulnerable to cold. (rC---)]
[You are very vulnerable to heat. (rF--)]


Message History

The large abomination misses you.
A red film seems to cover your vision as you go berserk!
You feel yourself moving faster!
You feel mighty!
You hit the large abomination. You freeze the large abomination.
The large abomination is severely damaged.
The wretched star glows turbulently.
You block the lance of force.
You block the large abomination's attack.
You hit the large abomination. You freeze the large abomination.
You headbutt the large abomination.
The large abomination is almost destroyed.
The small abomination barely misses you.
You furiously retaliate!
You headbutt the small abomination! You barely miss the large abomination.
The large abomination is almost destroyed.
The small abomination barely misses you.
You barely miss the large abomination.
Your headbutt misses the large abomination.
The large abomination is almost destroyed.
The large abomination hits you!!!
* * * LOW HITPOINT WARNING * * *
Unknown command.
You puncture the large abomination! You freeze the large abomination.
You destroy the large abomination!
The small abomination barely misses you.
You furiously retaliate!
You headbutt the small abomination!
Your Shields skill increases to level 3!
The ufetubus shouts!
The wretched star glows turbulently.
You block the lance of force.
You are too berserk!
You feel a strong urge to attack something.
The wretched star glows turbulently.
The lance of force misses you.
You feel your anger nearly subside.
You are no longer berserk.
You are exhausted.
You feel yourself slow down.
The wretched star glows turbulently.
The lance of force hits you!!
You die...

... .........#.... .
........#...#....
###...#......... #
...##....#...........
#..........4........
####..........# #
#............####..
.# #. .
#.....*......# # ...
#..#@.x.5....# ..
#.....###.#....#
.....###.## ####.##..
# # . # #. . .. ## ##
. .. # ...##. .# .
....#. . . .# #.. . .
#. ....#. ...#. #
..#..# .# #


You could see a wretched star, an orange demon, a small abomination and an
ufetubus.

Vanquished Creatures
  A water moccasin (D:6)
  A black bear (D:5)
  A large abomination (Abyss:1)
  An ice beast (D:6)
  An ogre (D:5)
  A kobold brigand (D:5)
  3 scorpions (D:5)
  3 hounds
  An orc priest (D:7)
  3 iguanas
  3 sleepcaps
  An orc wizard (D:3)
  10 gnolls
  6 adders
  6 river rats
  A white imp (D:6)
  2 worms (D:4)
  9 orcs
  7 bats
  6 endoplasms
  6 giant cockroaches
  7 goblins
  8 hobgoblins
  5 jackals
  7 quokkas
  7 ball pythons
  9 frilled lizards
  6 kobolds
  13 rats
135 creatures vanquished.

Notes
Turn   | Place    | Note
-------+----------+-------------------------------------------
     0 | D:1      | WileyBeast the Minotaur Gladiator began the quest for the
                  | Orb.
     0 | D:1      | Reached XP level 1. HP: 18/18 MP: 0/0
   267 | D:1      | Reached skill level 4 in Polearms
   267 | D:1      | Reached XP level 2. HP: 23/25 MP: 1/1
   599 | D:1      | Reached skill level 1 in Armour
  1012 | D:2      | Reached XP level 3. HP: 30/30 MP: 2/2
  1241 | D:2      | Found a faded altar of an unknown god.
  1611 | D:3      | Reached XP level 4. HP: 33/37 MP: 3/3
  2290 | D:4      | Identified the ring of Veed {*Corrode rPois Will+ MP+9
                  | Dex+8}
  2588 | D:4      | Found a glowing drain.
  2596 | Sewer    | Entered a sewer
  2603 | Sewer    | Reached XP level 5. HP: 45/45 MP: 4/4
  2817 | Sewer    | Reached skill level 5 in Polearms
  3184 | D:4      | Found a shimmering altar of Xom.
  3197 | D:4      | Reached XP level 6. HP: 38/51 MP: 5/5
  3291 | D:5      | Entered Level 5 of the Dungeon
  3494 | D:5      | Reached skill level 6 in Polearms
  3494 | D:5      | Reached skill level 1 in Shields
  3660 | D:5      | Reached XP level 7. HP: 57/57 MP: 6/6
  3682 | D:5      | Reached skill level 5 in Dodging
  3757 | D:5      | Reached skill level 1 in Stealth
  3865 | D:5      | Identified the +2 leather armour "Avutafuwn" {rPois rCorr
                  | Int+5}
  4063 | D:6      | Reached skill level 7 in Polearms
  4111 | D:5      | Reached skill level 5 in Armour
  4356 | D:6      | Reached XP level 8. HP: 55/66 MP: 7/7
  4412 | D:6      | Found a hazy altar of Hepliaklqana.
  4504 | D:5      | Reached skill level 1 in Evocations
  4535 | D:6      | Reached skill level 8 in Polearms
  4604 | Abyss:1  | Cast into level 1 of the Abyss (gnoll sergeant)
  4639 | Abyss:1  | Noticed a wretched star
  4674 | Abyss:1  | Noticed an orange demon
  4679 | Abyss:1  | HP: 3/79 [large abomination (36)]
  4685 | Abyss:1  | Killed from afar by a wretched star

Illustrated notes

Levels and vault maps discovered:
D:1:      mrwooster_arrival_statue, layout_basic
D:2:      layout_loops_ring, shapermc_ecumenical_altar_totnotflames
D:3:      layout_loops_ring, grunt_ministairs_9
D:4:      layout_loops_corners, tgw_xom, gup_sewer_entry_bubbles
D:5:      layout_loops_ring
D:6:      layout_cave_pools, kennysheep_mini, lemuel_round_altar,
          serial_column_ruins, column_ruins_open_tiny,
          column_ruins_corridor_straight, column_ruins_corridor_corner,
          column_ruins_open_small
D:7:      nzn_winding_woodlands_large [nzn_winding_woodlands_5x5_open_star,
          nzn_winding_woodlands_5x15_sidewinder,
          nzn_winding_woodlands_hourglass,
          nzn_winding_woodlands_center_diamonds,
          nzn_winding_woodlands_15x15_boxy_spiral,
          nzn_winding_woodlands_center_garden, nzn_winding_woodlands_5x5_cross,
          nzn_winding_woodlands_5x15_lazy_stream,
          nzn_winding_woodlands_5x5_perimeter], layout_loops_ring,
          temple_pool_b, corexii_leaking_fountain, uniq_crazy_yiuf_cottage
Abyss:1:  base:
D:6

Skill      XL: |  1  2  3  4  5  6  7  8 |
---------------+-------------------------+-----
Polearms       | 4 5 6 7 8 |  8.1
Armour         | 1 2 3 4 5 |  5.5
Dodging        | 4 5 |  5.6
Fighting       | 3 4 |  4.6
Shields        | 1 2 3 |  3.0
Stealth        | 1 |  1.2
Evocations     | 1 |  1.1
Throwing       | |  2.3

Action                     |  1- 3 |  4- 6 |  7- 9 || total
---------------------------+-------+-------+-------++-------
  Melee: Trident           |    78 |   151 |    66 ||   295
         Headbutt          |    12 |    23 |    32 ||    67
         Spear             |       |       |    79 ||    79
  Throw: Throwing net      |     5 |     2 |       ||     7
         Javelin           |       |     2 |       ||     2
  Evoke: Wand              |       |     3 |     4 ||     7
    Use: Scroll            |     5 |     3 |       ||     8
         Potion            |     2 |     4 |     1 ||     7
   Stab: Held in net/web   |     1 |       |       ||     1
         Sleeping          |       |       |     1 ||     1
 Armour: Ring mail         |    26 |    37 |     9 ||    72
         Leather armour    |     1 |       |    17 ||    18
  Dodge: Dodged            |    41 |    72 |    67 ||   180
  Block: Kite shield       |       |    30 |    60 ||    90
